 Dungeon Crawl Stone Soup version 0.27-a0-457-gba82baf56e (webtiles) character file.

Game seed: 13772593992393998392

8 Chiseanne the Skirmisher (level 2, 15/24 HPs)
             Began as a Demonspawn Wanderer on Feb 28, 2021.
             Quit the game on level 1 of the Dungeon.
             The game lasted 00:00:26 (284 turns).

Chiseanne the Skirmisher (Demonspawn Wanderer)       Turns: 284, Time: 00:00:27

Health: 15/24      AC:  2    Str: 12    XL:     2   Next: 0%
Magic:  2/2        EV: 12    Int: 13    God:
Gold:   12         SH:  0    Dex: 12    Spells: 1/1 levels left

rFire    . . .     SeeInvis .   a - +2 spear
rCold    + . .     Faith    .   (no shield)
rNeg     . . .     Spirit   .   d - +0 robe
rPois    .         Reflect  .   (no helmet)
rElec    .         Harm     .   (no cloak)
rCorr    .         Rampage  .   (no gloves)
Will     .....                  (no boots)
Stlth    ++........             (no amulet)
HPRegen  0.08/turn              h - ring of protection from cold
MPRegen  0.08/turn              (no ring)

@: no status effects
A: demonic magic 1
a: no special abilities


You were on level 1 of the Dungeon.
You visited 1 branch of the dungeon, and saw 1 of its levels.

You collected 12 gold pieces.

Inventory:

Hand Weapons
 a - a +2 spear (weapon)
 b - a +0 short sword
 e - a +0 dagger
Missiles
 f - 22 stones (quivered)
 i - 17 arrows
Armour
 d - a +0 robe (worn)
Jewellery
 h - a ring of protection from cold (left hand)
Scrolls
 g - a scroll of fog {unknown}
Potions
 c - a potion of lignification


   Skills:
 * Level 3.3 Fighting
 - Level 1.0 Polearms
 * Level 2.1 Dodging
 - Level 1.7 Stealth
 - Level 1.0 Shields
 - Level 1.0 Unarmed Combat


You had one spell level left.
You didn't know any spells.
Your spell library was empty.

Dungeon Overview and Level Annotations

Branches:
Dungeon (1/15)

Altars:


Innate Abilities, Weirdness & Mutations

Spells you cast may paralyse adjacent enemies.


Message History

No target in view!
No target in view!
No target in view!
No target in view!
No target in view!
No target in view!
No target in view!
No target in view!
No target in view!
No target in view!
No target in view!
No target in view!
No target in view!
No target in view!
No target in view!
No target in view!
h - a ring of protection from cold (left hand) Unknown command.
i - 17 arrows A kobold comes into view. It is wielding a +0 short sword.
The kobold shouts!
The kobold throws a stone.
The stone closely misses you.
Found 2 potions of lignification.
A bat comes into view.
The kobold throws a stone.
The stone barely misses you. The bat barely misses you.
You hit the bat.
You kill the bat!
The kobold hits you with a +0 short sword.
You closely miss the kobold. The kobold closely misses you.
You closely miss the kobold.
The kobold hits you with a +0 short sword.
You hit the kobold.
You kill the kobold!
You have reached level 2!
Your demonic ancestry asserts itself...
A menacing aura infuses your magic.
f - 22 stones (gained 2)
You see here a +0 short sword.
Are you sure you want to abandon this character and quit the game? (Confirm with "yes".)

###### ......########
.............# ###
............# #..
#.........# #.#
#.........#########.#
+...@...............#
#.........###########
.......#................
........................
##.......####...........
#.......# #.########.#
#..!....####.########..
#.......##.............
#.##†#.#######...


There were no monsters in sight!

Vanquished Creatures
  2 leopard geckos (D:1)
  2 bats (D:1)
  A kobold (D:1)
  2 rats (D:1)
7 creatures vanquished.

Notes
Turn   | Place    | Note
-------+----------+-------------------------------------------
     0 | D:1      | Chiseanne the Demonspawn Wanderer began the quest for the
                  | Orb.
     0 | D:1      | Chiseanne set off with the following items: a +2 spear, a
                  | +0 short sword, a potion of lignification, a +0 robe, a +0
                  | dagger
     0 | D:1      | Reached XP level 1. HP: 18/18 MP: 1/1
   282 | D:1      | Gained mutation: Spells you cast may paralyse adjacent
                  | enemies. [demonic ancestry]
   282 | D:1      | Reached XP level 2. HP: 14/24 MP: 2/2
   284 | D:1      | Quit the game

Illustrated notes

Levels and vault maps discovered:
D:1:      sevenhm_arrival_forest_fort_small_4, layout_basic

Skill      XL: |  1 |
---------------+----+-----
Dodging        | 2 |  2.1
Fighting       | |  3.3
Polearms       | |  1.0
Stealth        | |  1.7
Shields        | |  1.0
Unarmed Combat | |  1.0

Action                   || total
-------------------------++-------
Melee: Spear             ||    18
Armor: Robe              ||     4
Dodge: Dodged            ||     7

Table legend: (Time is in decaauts)
 A = Elapsed time spent in this place.
 B = Non-inter-level travel time spent in this place.
 C = Inter-level travel time spent in this place.
 D = Time resting spent in this place.
 E = Time spent auto-exploring this place.
 F = Levels seen in this place.
 G = Mean time per level.
                   A        B        C        D        E       F      G
               +--------+--------+--------+--------+--------+-----+--------+
         Total |    289 |    289 |      0 |      0 |    248 |   1 |  289.0 |
       Dungeon |    289 |    289 |      0 |      0 |    248 |   1 |  289.0 |
               +--------+--------+--------+--------+--------+-----+--------+

Top non-repeatable levels by time:
     D:1: 289 daAuts
